AoeStats
← AiM | Natural Killer

Arabia

508725041Analyzed
1v1 RM · 10d ago on Sep 23, 2026· 23m 41s· 2 players
Game mode
Random Map
Map size
Tiny (2 player)
Population
200
Speed
Normal
Resources
Standard
Victory
Conquest
Starting age
Dark Age
Ending age
Imperial Age
RankedLock teamsTeams togetherTeam positionsShared explorationLock speedFull tech treeHidden civsTurbo modeCheats
Victory
Defeat
🇨🇴 Mapuche · Colombia
1630
+17
🇨🇱 Saxons · Chile
1653
-17
Sebasky
6:43 Loom
8:55 Feudal Age
9:21 Double-Bit Axe
9:02 Champi Runner
15:39 Fletching
21:45 Castle Age
22:29 Bodkin Arrow
21:54 Crossbowman
23:54 Bow Saw
AiM | Natural Killer
6:28 Loom
8:42 Feudal Age
8:58 Man-at-Arms
11:16 Double-Bit Axe
16:19 Fletching
17:39 Padded Archer Armor
18:31 Wheelbarrow
17:56 Horse Collar
22:32 Castle Age
20:59 Padded Archer Armor
22:40 Bloodlines
23:24 Bodkin Arrow
22:52 Crossbowman
Connection lost

Rejoining the realm…

Still unreachable

The connection could not be restored.

Session expired

The server has moved on; the page needs a fresh start.